 Dungeon Crawl Stone Soup version 0.30-a0-782-ge64f9170bb (webtiles) character file.

Game seed: 14589450546725096284

2514 Barriton the Thaumaturge (level 9, -2/64 HPs)
             Began as a Purple Draconian Fire Elementalist on Feb 28, 2023.
             Killed by divine providence
             ... invoked by an orc priest
              (11 damage)
             ... on level 6 of the Dungeon.
             The game lasted 00:18:15 (7440 turns).

Barriton the Thaumaturge (DrFE)                     Turns: 7440, Time: 00:18:15

Health: -2/64      AC:  7    Str: 11    XL:     9   Next: 29%
Magic:  2/24       EV: 12    Int: 20    God:
Gold:   427        SH:  0    Dex: 11    Spells: 16/26 levels left

rFire   . . .      SeeInvis .    b - staff of conjuration
rCold   . . .      Faith    .    (no shield)
rNeg    . . .      Spirit   .    (body armour unavailable)
rPois   +          Reflect  .    (helmet restricted)
rElec   .          Harm     .    (no cloak)
rCorr   .          Rampage  .    (no gloves)
Will    +....                    (no boots)
Stlth   ++                       i - amulet of magic regeneration
HPRegen 0.30/turn                (no ring)
MPRegen 0.59/turn                (no ring)

@: no status effects
A: breathe power, AC +7, unfitting armour, cold-blooded, high MP 1, poison
resistance
a: Breathe Dispelling Energy


You were on level 6 of the Dungeon.
You visited 1 branch of the dungeon, and saw 6 of its levels.

You collected 427 gold pieces.

Inventory:

Hand Weapons
 g - a +0 quarterstaff
Missiles
 d - 3 throwing nets
Magical Staves
 b - a staff of conjuration (weapon)
Jewellery
 i - an amulet of magic regeneration (around neck)
Wands
 l - a wand of roots (6)
 n - a wand of mindburst (14)
Scrolls
 j - 2 scrolls of magic mapping
 k - a scroll of fog
 o - a scroll of poison {unknown}
 t - 3 scrolls of identify
Potions
 a - a potion of magic
 c - 2 potions of haste
 e - 2 potions of berserk rage
 f - a potion of curing
 h - 4 potions of heal wounds
 m - 2 potions of degeneration {unknown}
 q - a potion of might {unknown}
 r - 2 potions of brilliance {unknown}
 s - a potion of lignification {unknown}


   Skills:
 + Level 1.0 Fighting
 + Level 0.6 Staves
 + Level 2.6 Dodging
 + Level 2.7 Stealth
 + Level 1.0 Unarmed Combat
 + Level 9.2 Spellcasting
 + Level 5.3 Conjurations
 + Level 7.7 Fire Magic


You had 16 spell levels left.
You knew the following spells:

 Your Spells              Type           Power      Damage    Failure   Level
a - Foxfire               Conj/Fire      100%       2x1d9     1%          1
b - Scorch                Fire           80%        2d9       1%          2
c - Inner Flame           Hex/Fire       24%        N/A       4%          3
d - Flame Wave            Conj/Fire      52%        2d13      4%          4

Your spell library contained the following spells:

 Spells                   Type           Power      Damage    Failure   Level
 Kindle Blastsparks       Fire/Tloc/Air  38%        2d13      8%          3


Dungeon Overview and Level Annotations

Branches:
Dungeon (6/15)             Temple (0/1) D:5

Altars:
Gozag
Hepliaklqana
Makhleb
Zin

Shops:
D:5 (

Annotations:
D:4 2 transporters, Reshi88's ghost, novice FoFi


Innate Abilities, Weirdness & Mutations

You can breathe bolts of dispelling energy.
Your rich purple scales are hard. (AC +7)
You cannot fit into any form of body armour.
You are cold-blooded and may be slowed by cold attacks.
You have an increased reservoir of magic. (+10% MP)
Your system is resistant to poisons. (rPois)


Message History

An orc comes into view. It is wielding a +0 hand axe.
A wave of flame ripples out!
The flame wave engulfs the necrophage!!
You destroy the necrophage!
The flame wave engulfs the orc!
You kill the orc!
You finish channelling waves of flame.
Your life force feels restored.
An orc comes into view. It is wielding a +0 morningstar.
An orc priest comes into view. It is wielding a +0 mace.
Things that are here:
a +1 broad axe of distortion; +0 steam dragon scales
Okay, then.
There are monsters nearby!
Casting: Flame Wave (dangerous; 4% risk of failure)
Confirm with . or Enter, or press ? or * to list all spells.
Casting: Flame Wave (dangerous; 4% risk of failure)
Press: ? - help, Dir - look around, f - activate
Okay, then.
Casting: Flame Wave (dangerous; 4% risk of failure)
Confirm with . or Enter, or press ? or * to list all spells.
Flames lash the orc priest.
The orc priest is moderately wounded.
The orc priest's fire resistance burns away.
Casting: Scorch (safe; 1% risk of failure)
Confirm with . or Enter, or press ? or * to list all spells.
Flames lash the orc.
You kill the orc!
The orc priest looks satisfied for a moment.
Casting: Scorch (safe; 1% risk of failure)
Confirm with . or Enter, or press ? or * to list all spells.
Casting: Flame Wave (dangerous; 4% risk of failure)
Press: ? - help, Dir - look around, f - activate You feel a surge of power!
A wave of flame ripples out! (Press . to intensify the flame waves.)
A wave of flame ripples out!
The flame wave engulfs the orc priest.
The orc priest is burned terribly!
The orc priest is severely wounded.
The orc priest calls down the wrath of Beogh upon you.
Beogh smites you!
You die...

########........8...
#...........###...##
#.#####.#..## +#.#+
#...#.#.## #.#
#.#.#.#.# #.#
#.....#.# ...
###)###.# ... #...#
#.. ... #@o)# ..
..........)....
#######.#.####.
#.#.# #.#.# #.#.#
#.#.# #.#


You could see an orc priest (combustible).

Vanquished Creatures
  Maggie (D:6)
  Sigmund (D:3)
  2 ogres
  A sky beast (D:6)
  2 necrophages
  5 scorpions
  5 wights (D:6)
  A howler monkey (D:3)
  4 hounds
  A gnoll bouda (D:3)
  4 orc priests
  3 iguanas (D:5)
  Ijyb (D:3)
  5 orc wizards
  28 gnolls
  15 adders
  An ufetubus (D:6)
  6 worms
  2 dart slugs
  39 orcs
  5 endoplasms
  4 giant cockroaches (D:3)
  5 goblins
  7 hobgoblins
  17 jackals
  3 quokkas
  5 ball pythons
  3 bats
  3 frilled lizards
  9 kobolds
  8 rats
196 creatures vanquished.

Vanquished Creatures (collateral kills)
  A gnoll (D:3)
  A jackal (D:3)
  2 foxfires
4 creatures vanquished.

Vanquished Creatures (others)
  683 foxfires
  A plant (D:3)
684 creatures vanquished.

Grand Total: 884 creatures vanquished

Notes
Turn   | Place    | Note
-------+----------+-------------------------------------------
     0 | D:1      | Barriton the Draconian Fire Elementalist began the quest
                  | for the Orb.
     0 | D:1      | Reached XP level 1. HP: 14/14 MP: 3/3
    92 | D:1      | Found a faded altar of an unknown god.
   508 | D:1      | Reached XP level 2. HP: 16/20 MP: 0/5
  1050 | D:2      | Reached XP level 3. HP: 26/26 MP: 0/6
  1570 | D:2      | Learned a level 2 spell: Scorch
  2511 | D:3      | Reached skill level 1 in Unarmed Combat
  2511 | D:3      | Reached skill level 3 in Spellcasting
  2511 | D:3      | Reached XP level 4. HP: 12/33 MP: 0/8
  2634 | D:3      | Noticed Sigmund
  2771 | D:3      | Killed Sigmund
  2772 | D:3      | Reached XP level 5. HP: 31/39 MP: 0/10
  2772 | D:3      | Reached XP level 6. HP: 36/46 MP: 0/11
  3083 | D:3      | Reached skill level 4 in Spellcasting
  4179 | D:3      | Your scales start taking on a rich purple colour.
  4179 | D:3      | Reached skill level 5 in Spellcasting
  4179 | D:3      | Reached XP level 7. HP: 51/51 MP: 8/15
  4421 | D:3      | Learned a level 3 spell: Inner Flame
  4429 | D:3      | Reached skill level 5 in Fire Magic
  4663 | D:3      | Reached skill level 6 in Spellcasting
  4843 | D:3      | Noticed Ijyb
  4856 | D:3      | Killed Ijyb
  5130 | D:3      | Gained mutation: Your system is resistant to poisons.
                  | (rPois) [potion of mutation]
  5130 | D:3      | Gained mutation: You have an increased reservoir of magic.
                  | (+10% MP) [potion of mutation]
  5250 | D:4      | Found the +3 pair of gauntlets of War {Slay+5}
  5308 | D:4      | Reached XP level 8. HP: 58/58 MP: 15/19
  5385 | D:4      | Found a transporter.
  5413 | D:4      | Noticed Reshi88's ghost (novice FoFi)
  5427 | D:4      | Reached skill level 1 in Fighting
  5515 | D:4      | Found a transporter.
  5651 | D:4      | Found a burning altar of Makhleb.
  5676 | D:4      | Found a hazy altar of Hepliaklqana.
  5692 | D:4      | Found a glowing silver altar of Zin.
  5692 | D:4      | Found an opulent altar of Gozag.
  5761 | D:5      | Entered Level 5 of the Dungeon
  5920 | D:5      | Found Nuxage's Weapon Emporium.
  6004 | D:5      | Reached skill level 7 in Spellcasting
  6132 | D:5      | Found a staircase to the Ecumenical Temple.
  6550 | D:5      | Identified a scroll of acquirement
  6550 | D:5      | Acquired a staff of conjuration
  6560 | D:5      | Learned a level 4 spell: Flame Wave
  6728 | D:6      | Reached skill level 5 in Conjurations
  6784 | D:6      | Identified the +3 morningstar of Destiny {flame, rC- rCorr
                  | Str+3}
  7010 | D:6      | Reached skill level 8 in Spellcasting
  7019 | D:6      | Reached XP level 9. HP: 36/64 MP: 8/23
  7423 | D:6      | Noticed Maggie
  7433 | D:6      | Killed Maggie
  7434 | D:6      | Reached skill level 9 in Spellcasting
  7440 | D:6      | Killed from afar by an orc priest

Illustrated notes

Levels and vault maps discovered:
D:1:      ncdulo_wetmaze, layout_loops_cross, ebering_ecumenical_altar_petrified
D:2:      layout_basic
D:3:      lemuel_castle_with_subvaults [lemuel_castle_interior_original],
          layout_basic, portal_sewer_entry_e, uniq_ijyb, uniq_sigmund
D:4:      layout_cave_pools, grunt_temple_overflow_gold_and_silver,
          mainiacjoe_overflow_big_doors, gammafunk_ghost_arena
D:5:      layout_gridville, minmay_temple_entry_purple_smoke, serial_shops,
          nicolae_shop_advertising_works [nicolae_subvault_shop_adworks]
D:6:      cheibrodos_barr_body, layout_basic, uniq_maggie

Skill      XL: |  1  2  3  4  5  6  7  8  9 |
---------------+----------------------------+-----
Dodging        | 2 |  2.6
Unarmed Combat | 1 |  1.0
Spellcasting   | 3 5 6 8 9 |  9.2
Conjurations   | 2 3 5 |  5.3
Stealth        | 2 |  2.7
Fire Magic     | 4 6 7 |  7.7
Fighting       | 1 |  1.0
Staves         | |  0.6

Action                     |  1- 3 |  4- 6 |  7- 9 || total
---------------------------+-------+-------+-------++-------
  Melee: Unarmed           |    19 |       |       ||    19
         Tailslap          |     2 |       |     1 ||     3
         Quarterstaff      |    10 |     7 |     2 ||    19
         Staff             |       |       |     3 ||     3
   Cast: Foxfire           |    87 |   100 |   230 ||   417
         Scorch            |       |    18 |    74 ||    92
         Flame Wave        |       |       |     8 ||     8
    Use: Scroll            |     4 |     2 |     6 ||    12
         Potion            |       |       |     1 ||     1
 Armour: Skin              |    13 |    16 |    13 ||    42
  Dodge: Dodged            |    20 |    40 |    28 ||    88

Table legend: (Time is in decaauts)
 A = Elapsed time spent in this place.
 B = Non-inter-level travel time spent in this place.
 C = Inter-level travel time spent in this place.
 D = Time resting spent in this place.
 E = Time spent auto-exploring this place.
 F = Levels seen in this place.
 G = Mean time per level.
                   A        B        C        D        E       F      G
               +--------+--------+--------+--------+--------+-----+--------+
         Total |   7462 |   6988 |    474 |      0 |   5909 |   6 | 1243.7 |
       Dungeon |   7462 |   6988 |    474 |      0 |   5909 |   6 | 1243.7 |
               +--------+--------+--------+--------+--------+-----+--------+

Top non-repeatable levels by time:
     D:3: 2606 daAuts
     D:2: 1641 daAuts
     D:1: 962 daAuts
     D:5: 850 daAuts
     D:6: 828 daAuts
     D:4: 572 daAuts
